% Time on Ice - CALGARY FIREMEN
Lines # - Real PCT - Wanted PCT - Time Play
Normal Forward
1 - 29% - 35% - 14:23
2 - 31% - 32% - 15:32
3 - 23% - 25% - 11:41
4 - 16% - 8% - 8:12
Normal Defense
1 - 35% - 35% - 17:24
2 - 32% - 32% - 15:43
3 - 30% - 25% - 15:00
4 - 3% - 8% - 1:41
PP Forward
1 - 43% - 50% - 2:08
2 - 57% - 50% - 2:51
PP Defense
1 - 47% - 50% - 2:20
2 - 53% - 50% - 2:39
PK Forward
1 - 54% - 50% - 2:50
2 - 46% - 50% - 2:23
PK Defense
1 - 43% - 50% - 2:16
2 - 57% - 50% - 2:57
PK3 Forward
1 - 0% - 50%
2 - 0% - 50%
PK3 Defense
1 - 0% - 50%
2 - 0% - 50%
44 Forward
1 - 0% - 50%
2 - 0% - 50%
44 Defense
1 - 0% - 50%
2 - 0% - 50%
Last Minute Offensive  - 0:00
Last Minute Defensive  - 0:00
Total
Forward - 60:00
Defense - 60:00
% Time on Ice - PHOENIX MUSTANGS
Lines # - Real PCT - Wanted PCT - Time Play
Normal Forward
1 - 33% - 36% - 16:36
2 - 34% - 31% - 17:08
3 - 24% - 23% - 12:05
4 - 8% - 10% - 3:59
Normal Defense
1 - 36% - 36% - 17:56
2 - 34% - 31% - 16:46
3 - 24% - 23% - 11:56
4 - 6% - 10% - 3:10
PP Forward
1 - 58% - 55% - 3:01
2 - 42% - 45% - 2:12
PP Defense
1 - 61% - 55% - 3:11
2 - 39% - 45% - 2:02
PK Forward
1 - 56% - 55% - 2:48
2 - 44% - 45% - 2:11
PK Defense
1 - 53% - 55% - 2:38
2 - 47% - 45% - 2:21
PK3 Forward
1 - 0% - 55%
2 - 0% - 45%
PK3 Defense
1 - 0% - 55%
2 - 0% - 45%
44 Forward
1 - 0% - 55%
2 - 0% - 45%
44 Defense
1 - 0% - 55%
2 - 0% - 45%
Last Minute Offensive  - 0:00
Last Minute Defensive  - 0:00
Total
Forward - 60:00
Defense - 60:00
Play-by-Play 1st period 0:01 of 1st period - Andrew Copp wins face-off versus Adam Henrique in neutral zone. 0:17 of 1st period - Shot by T.J. Oshie. 0:17 of 1st period - Stopped by Antti Raanta without a rebound. 0:18 of 1st period - Kevin Hayes wins face-off versus Oskar Lindblom in CALGARY FIREMEN zone. 0:30 of 1st period - Shot by Jesper Fast. 0:30 of 1st period - Stopped by Antti Raanta without a rebound. 0:31 of 1st period - Alex Broadhurst wins face-off versus Christian Dvorak in CALGARY FIREMEN zone. 0:38 of 1st period - Icing by Colton Sceviour. 0:39 of 1st period - Alex Broadhurst wins face-off versus David Backes in CALGARY FIREMEN zone. 0:39 of 1st period - Alex Broadhurst is hit by David Backes. 0:40 of 1st period - Alex Broadhurst from CALGARY FIREMEN is injured at 0:40 of 1st period (Torn Left Knee Ligaments). 0:41 of 1st period - David Backes wins face-off versus Brett Howden in CALGARY FIREMEN zone. 0:52 of 1st period - Icing by Erik Karlsson. 0:53 of 1st period - David Backes wins face-off versus Ryan Johansen in PHOENIX MUSTANGS zone. 1:13 of 1st period - Ryan Johansen is hit by Erik Karlsson and loses puck. 1:20 of 1st period - Shot by Ryan Johansen. 1:20 of 1st period - Stopped by Joonas Korpisalo without a rebound. 1:21 of 1st period - Adam Henrique wins face-off versus Kevin Hayes in PHOENIX MUSTANGS zone. 1:41 of 1st period - Off-side. 1:42 of 1st period - Andrew Copp wins face-off versus Filip Forsberg in neutral zone. 2:03 of 1st period - Shot by T.J. Oshie. 2:03 of 1st period - Shot Misses the Net. 2:05 of 1st period - Shot by Andrew Copp. 2:05 of 1st period - Stopped by Antti Raanta with a rebound. 2:07 of 1st period - Shot by Erik Karlsson. 2:07 of 1st period - Shot Blocked by Ryan Graves. 2:19 of 1st period - Shot by T.J. Oshie. 2:19 of 1st period - Goal by T.J. Oshie - CALGARY FIREMEN : 0 - PHOENIX MUSTANGS : 1. 2:20 of 1st period - Ryan Johansen wins face-off versus Christian Dvorak in neutral zone. 2:30 of 1st period - Minor Penalty to Oskar Lindblom for Holding. 2:31 of 1st period - Brett Howden wins face-off versus Kevin Hayes in CALGARY FIREMEN zone. 3:00 of 1st period - Shot by Kevin Hayes. 3:00 of 1st period - Goal by Kevin Hayes - CALGARY FIREMEN : 0 - PHOENIX MUSTANGS : 2. 3:01 of 1st period - Ryan Johansen wins face-off versus Christian Dvorak in neutral zone. 3:39 of 1st period - Icing by Jared Spurgeon. 3:40 of 1st period - Ryan Johansen wins face-off versus Jesper Fast in CALGARY FIREMEN zone. 4:09 of 1st period - Shot by Kevin Hayes. 4:09 of 1st period - Deflect By Jesper Fast. 4:09 of 1st period - Stopped by Antti Raanta without a rebound. 4:10 of 1st period - Adam Henrique wins face-off versus Andrew Copp in CALGARY FIREMEN zone. 4:10 of 1st period - Adam Henrique is hit by T.J. Oshie. 4:13 of 1st period - Icing by Tomas Tatar. 4:14 of 1st period - Adam Henrique wins face-off versus Andrew Copp in CALGARY FIREMEN zone. 4:16 of 1st period - Icing by Filip Forsberg. 4:17 of 1st period - Adam Henrique wins face-off versus Teuvo Teravainen in CALGARY FIREMEN zone. 4:38 of 1st period - Shot by Teuvo Teravainen. 4:38 of 1st period - Deflect By T.J. Oshie. 4:38 of 1st period - Shot Misses the Net. 4:48 of 1st period - T.J. Oshie is hit by Adam Henrique and loses puck. 5:32 of 1st period - Shot by Clayton Keller. 5:32 of 1st period - Stopped by Antti Raanta without a rebound. 5:33 of 1st period - Kevin Hayes wins face-off versus Joakim Nygard in CALGARY FIREMEN zone. 5:38 of 1st period - Shot by Clayton Keller. 5:38 of 1st period - Shot Misses the Net. 5:50 of 1st period - Shot by Jared Spurgeon. 5:50 of 1st period - Shot Misses the Net. 5:52 of 1st period - Shot by Ryan Graves. 5:52 of 1st period - Shot Misses the Net. 6:17 of 1st period - Jesper Fast is hit by Jared Spurgeon and loses puck. 6:31 of 1st period - Jonas Brodin is hit by Jared Spurgeon and loses puck. 7:27 of 1st period - Shot by Tomas Tatar. 7:27 of 1st period - Shot Misses the Net. 7:29 of 1st period - Shot by Tomas Tatar. 7:29 of 1st period - Shot Misses the Net. 7:31 of 1st period - Shot by Adam Henrique. 7:31 of 1st period - Shot Blocked by Dennis Cholowski. 7:55 of 1st period - Andrew Copp is hit by Colton Sceviour and loses puck. 8:57 of 1st period - Shot by Filip Forsberg. 8:57 of 1st period - Goal by Filip Forsberg - CALGARY FIREMEN : 1 - PHOENIX MUSTANGS : 2. 8:58 of 1st period - Adam Henrique wins face-off versus Christian Dvorak in neutral zone. 9:03 of 1st period - Shot by Filip Forsberg. 9:03 of 1st period - Stopped by Joonas Korpisalo without a rebound. 9:04 of 1st period - Ryan Johansen wins face-off versus Christian Dvorak in PHOENIX MUSTANGS zone. 9:15 of 1st period - Shot by Brendan Gallagher. 9:15 of 1st period - Stopped by Joonas Korpisalo with a rebound. 9:17 of 1st period - Shot by Jared Spurgeon. 9:17 of 1st period - Shot Misses the Net. 10:24 of 1st period - Shot by Sonny Milano. 10:24 of 1st period - Stopped by Joonas Korpisalo without a rebound. 10:25 of 1st period - Kevin Hayes wins face-off versus Filip Forsberg in PHOENIX MUSTANGS zone. 10:40 of 1st period - Minor Penalty to Andy Greene for Hooking. 10:41 of 1st period - T.J. Oshie wins face-off versus Colton Sceviour in CALGARY FIREMEN zone. 10:41 of 1st period - T.J. Oshie is hit by Ryan Graves. 11:21 of 1st period - Shot by T.J. Oshie. 11:21 of 1st period - Shot Misses the Net. 11:23 of 1st period - Shot by Erik Karlsson. 11:23 of 1st period - Shot Misses the Net. 11:25 of 1st period - Shot by Andrew Copp. 11:25 of 1st period - Goal by Andrew Copp - CALGARY FIREMEN : 1 - PHOENIX MUSTANGS : 3. 11:26 of 1st period - Ryan Johansen wins face-off versus Clayton Keller in neutral zone. 11:45 of 1st period - Shot by Brendan Gallagher. 11:45 of 1st period - Shot Misses the Net. 11:51 of 1st period - Shot by Oskar Lindblom. 11:51 of 1st period - Stopped by Joonas Korpisalo with a rebound. 12:05 of 1st period - Shot by Brendan Gallagher. 12:05 of 1st period - Deflect By Oskar Lindblom. 12:05 of 1st period - Shot Misses the Net. 12:07 of 1st period - Shot by Brendan Gallagher. 12:07 of 1st period - Stopped by Joonas Korpisalo without a rebound. 12:08 of 1st period - Adam Henrique wins face-off versus David Backes in PHOENIX MUSTANGS zone. 12:29 of 1st period - Drew Doughty is hit by Tomas Tatar. 12:41 of 1st period - Tomas Tatar is hit by David Backes and loses puck. 13:07 of 1st period - Off-side. 13:08 of 1st period - Kevin Hayes wins face-off versus Ryan Johansen in neutral zone. 13:12 of 1st period - Icing by Colton Sceviour. 13:13 of 1st period - Kevin Hayes wins face-off versus Viktor Arvidsson in CALGARY FIREMEN zone. 13:44 of 1st period - Shot by Viktor Arvidsson. 13:44 of 1st period - Shot Misses the Net. 14:22 of 1st period - Teuvo Teravainen is hit by Sami Vatanen and loses puck. 14:50 of 1st period - Major / Game Misconduct Penalty to Andrew Copp for Spearing. 14:50 of 1st period - Andrew Copp is ejected from game. 14:51 of 1st period - Tomas Tatar wins face-off versus T.J. Oshie in PHOENIX MUSTANGS zone. 14:52 of 1st period - Shot by Adam Henrique. 14:52 of 1st period - Stopped by Joonas Korpisalo without a rebound. 14:53 of 1st period - Adam Henrique wins face-off versus Teuvo Teravainen in PHOENIX MUSTANGS zone. 15:03 of 1st period - Shot by Ryan Graves. 15:03 of 1st period - Stopped by Joonas Korpisalo without a rebound. 15:04 of 1st period - Ryan Johansen wins face-off versus Teuvo Teravainen in PHOENIX MUSTANGS zone. 15:15 of 1st period - Shot by Kevin Hayes. 15:15 of 1st period - Shot Misses the Net. 15:25 of 1st period - Drew Doughty is hit by Oskar Lindblom. 15:58 of 1st period - Icing by Oskar Lindblom. 15:59 of 1st period - Ryan Johansen wins face-off versus Teuvo Teravainen in CALGARY FIREMEN zone. 16:47 of 1st period - Shot by Jared Spurgeon. 16:47 of 1st period - Stopped by Joonas Korpisalo without a rebound. 16:48 of 1st period - Adam Henrique wins face-off versus Alexander Steen in PHOENIX MUSTANGS zone. 17:21 of 1st period - Shot by Jared Spurgeon. 17:21 of 1st period - Shot Misses the Net. 18:06 of 1st period - Icing by Jared Spurgeon. 18:07 of 1st period - Adam Henrique wins face-off versus Alexander Steen in CALGARY FIREMEN zone. 18:12 of 1st period - Shot by Adam Henrique. 18:12 of 1st period - Stopped by Joonas Korpisalo without a rebound. 18:13 of 1st period - Alexander Steen wins face-off versus Adam Henrique in PHOENIX MUSTANGS zone. 19:20 of 1st period - Shot by Brendan Gallagher. 19:20 of 1st period - Goal by Brendan Gallagher - CALGARY FIREMEN : 2 - PHOENIX MUSTANGS : 3. 19:21 of 1st period - Ryan Johansen wins face-off versus Alexander Steen in neutral zone. 19:37 of 1st period - Erik Karlsson is hit by Oskar Lindblom. 19:47 of 1st period - Shot by Brendan Gallagher. 19:47 of 1st period - Stopped by Joonas Korpisalo without a rebound. 19:48 of 1st period - Adam Henrique wins face-off versus Alexander Steen in PHOENIX MUSTANGS zone. Goals for this period are 2 for CALGARY FIREMEN vs 3 for PHOENIX MUSTANGS. Shots for this period are 13 for CALGARY FIREMEN vs 8 for PHOENIX MUSTANGS. 2nd period 0:01 of 2nd period - Adam Henrique wins face-off versus Nicholas Shore in neutral zone. 0:32 of 2nd period - Erik Karlsson is hit by Tomas Tatar and loses puck. 0:37 of 2nd period - Shot by Tomas Tatar. 0:37 of 2nd period - Stopped by Joonas Korpisalo without a rebound. 0:38 of 2nd period - Ryan Johansen wins face-off versus Kevin Hayes in PHOENIX MUSTANGS zone. 0:43 of 2nd period - Shot by Oskar Lindblom. 0:43 of 2nd period - Stopped by Joonas Korpisalo without a rebound. 0:44 of 2nd period - Ryan Johansen wins face-off versus Kevin Hayes in PHOENIX MUSTANGS zone. 0:45 of 2nd period - Shot by Oskar Lindblom. 0:45 of 2nd period - Stopped by Joonas Korpisalo without a rebound. 0:46 of 2nd period - Nicholas Shore wins face-off versus Ryan Johansen in PHOENIX MUSTANGS zone. 0:46 of 2nd period - Nicholas Shore is hit by Brendan Gallagher. 0:55 of 2nd period - T.J. Oshie is hit by Ryan Johansen and loses puck. 1:03 of 2nd period - Minor Penalty to Jake McCabe for Tripping. 1:04 of 2nd period - Brett Howden wins face-off versus Kevin Hayes in CALGARY FIREMEN zone. 1:13 of 2nd period - Shot by Erik Karlsson. 1:13 of 2nd period - Stopped by Antti Raanta without a rebound. 1:14 of 2nd period - Brett Howden wins face-off versus Nicholas Shore in CALGARY FIREMEN zone. 1:30 of 2nd period - Shot by Teuvo Teravainen. 1:30 of 2nd period - Shot Misses the Net. 1:37 of 2nd period - Icing by Erik Karlsson. 1:38 of 2nd period - Adam Henrique wins face-off versus Nicholas Shore in PHOENIX MUSTANGS zone. 1:54 of 2nd period - Icing by Drew Doughty. 1:55 of 2nd period - Nicholas Shore wins face-off versus Brett Howden in PHOENIX MUSTANGS zone. 2:05 of 2nd period - Icing by Erik Karlsson. 2:06 of 2nd period - Adam Henrique wins face-off versus Nicholas Shore in PHOENIX MUSTANGS zone. 2:21 of 2nd period - Shot by T.J. Oshie. 2:21 of 2nd period - Stopped by Antti Raanta without a rebound. 2:22 of 2nd period - Brett Howden wins face-off versus Kevin Hayes in CALGARY FIREMEN zone. 3:18 of 2nd period - Shot by Christian Dvorak. 3:18 of 2nd period - Goal by Chris